 Dungeon Sprint DCSS version 0.19.4-10-g532645f (webtiles) character file.

7 equalderp2856 the Scratcher (level 1, -3/10 HPs)
             Began as a Felid Fighter on Feb 23, 2017.
             Was an Initiate of Gozag.
             Slain by a gnoll
             ... wielding a +0 flail
              (6 damage)
             ... in the Dungeon (Sprint VII: "The Pits").
             The game lasted 00:00:20 (90 turns).

equalderp2856 the Scratcher (Felid Fighter)           Turns: 90, Time: 00:00:21

Health: -3/10      AC:  1    Str: 12    XL:     1   Next: 83%
Magic:  2/2        EV: 19    Int:  9    God:    Gozag
Gold:   99         SH:  0    Dex: 15    Spells: 0 memorised, 0 levels left
                                        Lives:  0   Deaths: 0

rFire  . . .     SeeInvis +       - Unarmed
rCold  . . .     Gourm    .     (armour unavailable)
rNeg   . . .     Faith    .     (shield unavailable)
rPois  .         Spirit   .     (helmet unavailable)
rElec  .         Reflect  .     (cloak unavailable)
rCorr  .         Harm     .     (gloves unavailable)
MR     .....     NoTele   +     (boots unavailable)
Stlth  ++........               (no amulet)
                                (no ring)
                                (no ring)

@: quick
A: no armour, no weapons or thrown items, stealth, claws 1, fangs 3, see
invisible, carnivore 3, speed 1, shaggy fur 1, slow metabolism 1, sharp paws
a: Potion Petition, Call Merchant, Bribe Branch, Renounce Religion


You were in the Dungeon.
You worshipped Gozag.
Gozag was noncommittal.
You were not hungry.

You visited 1 branch You collected 99 gold pieces.

Inventory:

Scrolls
 h - a scroll of blinking
 j - 3 scrolls of remove curse
 k - 5 scrolls of amnesia
 l - a scroll of summoning
Potions
 a - a potion of might
 c - a potion of curing
 d - a potion of heal wounds
 e - a potion of haste
 f - 4 potions of magic
 g - 3 potions of berserk rage
 i - 2 potions of invisibility
Comestibles
 b - 8 meat rations


   Skills:
 + Level 3.5 Fighting
 + Level 4.5 Dodging
 + Level 4.9 Unarmed Combat


You couldn't memorise any spells.
You didn't know any spells.

Dungeon Overview and Level Annotations

Branches:
Dungeon (1/1)

Altars:
Ashenzari
Cheibriados
Dithmenos
Elyvilon
Fedhas
Gozag
Hepliaklqana
Kikubaaqudgha
Makhleb
Nemelex Xobeh
Okawaru
Qazlal
Ru
Sif Muna
Trog
Uskayaw
Vehumet
Xom
Yredelemnul
Zin
The Shining One
Beogh
Jiyva
Lugonu


Innate Abilities, Weirdness & Mutations

You cannot wear armour.
You are incapable of wielding weapons or throwing items.
Your paws allow you to move quietly. (Stealth)
You have sharp claws.
You have razor-sharp teeth.
You have supernaturally acute eyesight. (SInv)
You are carnivorous and can eat meat at any time.
You cover ground quickly.
You are covered in fur. (AC +1)
You have a slow metabolism.
Your sharp claws are effective at attacking unaware monsters.


Message History

You completely miss the gnoll.
The gnoll is heavily wounded.
The orc misses you. The gnoll closely misses you.
You scratch the gnoll. You bite the gnoll.
The gnoll is severely wounded.
The orc closely misses you.
You scratch the gnoll but do no damage.
The gnoll is severely wounded.
The gnoll barely misses you.
You scratch the gnoll.
The gnoll is almost dead.
The orc misses you. The gnoll barely misses you.
You scratch the gnoll but do no damage.
The gnoll is almost dead.
The orc hits you from afar with a trident.
* * * LOW HITPOINT WARNING * * *
The gnoll hits you with a flail.
Ouch! That really hurt!
You die...
Your body crumbles into a pile of gold.

#%?(.')))'.##......#..#.
##########.##...........
#.........).'...........
#+#####'#####......#..#.
#...'.##...........
#...#.#####'#####++
#####.##.......#
+...#.##.......#
+..og@##.......#
########...<...#
#.......# #.......#
#.......# #########


You could see a gnoll and an orc.

Vanquished Creatures
  An ooze (D)
  An orc (D)
  A bat (D)
3 creatures vanquished.

Notes
Turn   | Place    | Note
-------+----------+-------------------------------------------
     0 | D        | equalderp2856 the Felid Fighter began the quest for the Orb.
     0 | D        | Reached XP level 1. HP: 10/10 MP: 2/2
    23 | D        | Found a radiant altar of Vehumet.
    23 | D        | Found a hide-covered altar of Uskayaw.
    23 | D        | Found an ancient bone altar of Kikubaaqudgha.
    23 | D        | Found a viscous altar of Jiyva.
    23 | D        | Found a hazy altar of Hepliaklqana.
    24 | D        | Found a bloodstained altar of Trog.
    24 | D        | Found a deep blue altar of Sif Muna.
    24 | D        | Found a sacrificial altar of Ru.
    24 | D        | Found a stormy altar of Qazlal.
    24 | D        | Found an iron altar of Okawaru.
    24 | D        | Found a sparkling altar of Nemelex Xobeh.
    24 | D        | Found an opulent altar of Gozag.
    24 | D        | Found a blossoming altar of Fedhas.
    24 | D        | Found a white marble altar of Elyvilon.
    24 | D        | Found a shadowy altar of Dithmenos.
    24 | D        | Found a snail-covered altar of Cheibriados.
    25 | D        | Found a glowing golden altar of the Shining One.
    25 | D        | Found a glowing silver altar of Zin.
    27 | D        | Found a roughly hewn altar of Beogh.
    27 | D        | Found a burning altar of Makhleb.
    27 | D        | Found a basalt altar of Yredelemnul.
    28 | D        | Found a shattered altar of Ashenzari.
    28 | D        | Found a corrupted altar of Lugonu.
    28 | D        | Found a shimmering altar of Xom.
    30 | D        | Became a worshipper of Gozag Ym Sagoz the Greedy
    90 | D        | Slain by a gnoll

Action                   || total
-------------------------++-------
Melee: Unarmed           ||    11
       Bite              ||     1
 Stab: Distracted        ||     1
       Sleeping          ||     1
Dodge: Dodged            ||     9
